[Event "Early-Titled-Tuesday-Blitz-March-26-2024"]
[Site "Chess.com"]
[Date "2024.03.26"]
[Round "10"]
[White "Cambek64"]
[Black "ZenBull"]
[Result "1/2-1/2"]
[WhiteElo "2478"]
[BlackElo "2312"]
[TimeControl "180+1"]
[EndTime "9:53:50 PDT"]
[Termination "Game drawn by agreement"]

1. b3 Nf6 2. Bb2 b6 3. Bxf6 exf6 4. d4 Bb7 5. e3 g6 6. Nf3 Bg7 7. g3 O-O 8. Bg2 d5 9. O-O Nd7 10. Nbd2 Re8 11. c3 Qe7 12. Qc2 Rac8 13. Qb2 c6 14. Rac1 Nf8 15. Rfd1 Ne6 16. c4 dxc4 17. Nxc4 Red8 18.
Qa3 Qxa3 19. Nxa3 c5 20. dxc5 Nxc5 21. Nb5 a6 22. Nd6 Bxf3 23. Bxf3 Rb8 24. b4 Ne6 25. h4 Bf8 26. Ne4 f5 27. Nf6+ Kg7 28. Nd7 Rbc8 29. Nxf8 Kxf8 30. Rxc8 Rxc8 31. Rd6 Rb8 32. Rd7 a5 33. a3 axb4 34. axb4 b5 35. Bd5 Rb6 36.
Kg2 Ke8 37. Bxe6 Rxe6 38. Rb7 Re5 39. Kf3 h5 40. Ke2 Rd5 41. f3 Kf8 42. e4 fxe4 43. fxe4 Rd4 44. Rxb5 Rxe4+ 45. Kf3 Rc4 46. Rb7 Rc3+ 47.
Kg2 Rb3 48. b5 Kg7 49. b6 Kf6 50. Rb8 Kf5 51. b7 Kg4 52. Kf2 Rb2+ 53. Ke3 Kxg3 54. Ke4 f5+ 55. Ke5 f4 56. Rg8 Rxb7 57. Rxg6+ Kxh4 58.
Kxf4 Rf7+ 59. Ke3 Kh3 60. Ke2 h4 61. Rg5 Kh2 62. Rg4 h3 63. Rg5 Kh1 64. Rg3 h2 65. Rg8 Ra7 66. Kf2 Ra2+ 67. Kf1 Ra1+ 68. Kf2 Rg1 69.
Rf8 Rg2+ 70. Kf1 Rg7 71. Kf2 Rg2+ 1/2-1/2

[Event "Early-Titled-Tuesday-Blitz-March-26-2024"]
[Site "Chess.com"]
[Date "2024.03.26"]
[Round "10"]
[White "Juicy_Fork"]
[Black "Dixit_Nikhil"]
[Result "1-0"]
[WhiteElo "2545"]
[BlackElo "2638"]
[TimeControl "180+1"]
[EndTime "9:53:52 PDT"]
[Termination "Juicy_Fork won by resignation"]

1. e4 c5 2. Nf3 Nc6 3. Bb5 e6 4.
Bxc6 bxc6 5. d3 Qc7 6. O-O e5 7.
b3 d6 8. Bb2 Be7 9. c3 Bg4 10.
h3 Bh5 11. Nbd2 Nf6 12. Re1 g5 13. g4 Nxg4 14. hxg4 Bxg4 15. Nf1 Qd7 16. d4 Bh5 17. Ng3 Qg4 18. Qe2 Bf6 19. dxe5 Bxe5 20. Nxe5 Qxe2 21.
Nxe2 dxe5 22. Ng3 Bg6 23. c4 f6 24. Rad1 Ke7 25. Ba3 Rhd8 26. Bxc5+ Ke8 27. Rd6 Rxd6 28. Bxd6 h5 29. Nf5 Bxf5 30. exf5 Rd8 31. c5 Rd7 32. b4 Rb7 33. Rb1 a5 34. a3 a4 35. Kf1 Rb5 36.
Ke2 h4 37. f3 Kf7 38. f4 exf4 39. Kf3 Rb7 40. Re1 Rd7 41. Re6 Rd8 42. Re7+ Kg8 43.
Rc7 Re8 44. Rxc6 Re3+ 45. Kg4 h3 46. Rc8+ Kg7 47. Rc7+ Kg8 48. Kh5 h2 49. Kg6 Re8 50. Rg7+ Kh8 51. Rh7+ Kg8 52. Rxh2 f3 53. Kxf6 g4 54. Kg5 Re2 55. Rxe2 fxe2 56. Bg3 1-0

[Event "Early-Titled-Tuesday-Blitz-March-26-2024"]
[Site "Chess.com"]
[Date "2024.03.26"]
[Round "10"]
[White "Sanan_Sjugirov"]
[Black "Kacparov"]
[Result "1/2-1/2"]
[WhiteElo "3019"]
[BlackElo "2911"]
[TimeControl "180+1"]
[EndTime "9:53:53 PDT"]
[Termination "Game drawn by repetition"]

1. d4 Nf6 2. c4 e6 3. Nf3 Bb4+ 4. Nbd2 O-O 5. a3 Bxd2+ 6. Bxd2 b6 7. Bg5 h6 8. Bh4 Bb7 9. e3 d6 10. Bd3 Nbd7 11.
e4 e5 12. d5 g5 13. Bg3 Nc5 14. Qe2 Nxd3+ 15. Qxd3 c6 16. dxc6 Bxc6 17. Nd2 Qe7 18. O-O Nh5 19. Rfd1 Rad8 20. Nf1 Nf4 21. Bxf4 gxf4 22.
Nd2 Qe6 23. f3 Kh8 24. Nb1 Rg8 25. Nc3 Rg5 26. Rd2 Rdg8 27. Kh1 R5g6 28. Rad1 Qe7 29.
Qf1 h5 30. b4 h4 31. h3 Kh7 32. a4 R8g7 33. Nb5 Bxb5 34. axb5 Qg5 35. Rf2 f5 36. exf5 Qxf5 37. Rdd2 Qc8 38. Kh2 Rc7 39. Qd1 Qe6 40.
c5 bxc5 41. bxc5 Rxc5 42. Rc2 Rxc2 43. Rxc2 Rg7 44. Qe1 Qf6 45. Rc6 Qg5 46. Qe4+ Rg6 47. Qc2 Kh6 48. Rc8 Qg3+ 49. Kh1 Qe1+ 50. Kh2 Qg3+ 51. Kh1 Qe1+ 52. Kh2 Qg3+ 1/2-1/2

[Event "Early-Titled-Tuesday-Blitz-March-26-2024"]
[Site "Chess.com"]
[Date "2024.03.26"]
[Round "10"]
[White "Zavgorodniy_Sergiy"]
[Black "mbojan"]
[Result "1-0"]
[WhiteElo "2659"]
[BlackElo "2879"]
[TimeControl "180+1"]
[EndTime "9:53:58 PDT"]
[Termination "Zavgorodniy_Sergiy won on time"]

1. d4 g6 2. c4 Bg7 3. Nf3 d6 4. Nc3 Nc6 5. g3 Bd7 6. Bg2 Qc8 7. h3 h5 8. d5 Ne5 9. Nxe5 Bxe5 10. Bd2 Bg7 11. Qc2 Nf6 12. Rc1 O-O 13. h4 Ng4 14.
O-O c5 15. Bg5 Re8 16. Qd2 Bf6 17. Bxf6 Nxf6 18. Ne4 Bh3 19. Nxf6+ exf6 20. Rfe1 Bxg2 21. Kxg2 Re5 22. e3 Qd7 23. b3 Rae8 24. a4 Kg7 25.
Qd3 g5 26. Rh1 Qg4 27. Qd1 Qxd1 28. Rcxd1 Kg6 29. Kf3 Re4 30. Rc1 Rg4 31. Rh2 gxh4 32. Rxh4 Rxh4 33. gxh4 f5 34. Rg1+ Kf6 35. Rg5 a6 36.
Rxh5 b5 37. axb5 axb5 38. Rh6+ Ke7 39. Kf4 bxc4 40. bxc4 Rb8 41. Kxf5 Rb4 42. f4 Rxc4 43. e4 Rd4 44. Rh8 Rd1 45. Rc8 Rh1 46. Rc7+ Ke8 47. e5 Rxh4 48. exd6 Rh5+ 49. Ke4 f6 50.
Rxc5 Kd7 51. Rc6 Rh1 52. Rc7+ Kxd6 53. Rf7 Rh6 54. Kf5 Kxd5 55. Rxf6 Rh8 56. Rf7 Kd6 57. Kf6 Rh6+ 58. Kg5 Rh4 59. Kxh4 1-0

[Event "Early-Titled-Tuesday-Blitz-March-26-2024"]
[Site "Chess.com"]
[Date "2024.03.26"]
[Round "10"]
[White "Shield12"]
[Black "stollenmonster"]
[Result "1-0"]
[WhiteElo "3003"]
[BlackElo "2891"]
[TimeControl "180+1"]
[EndTime "9:53:59 PDT"]
[Termination "Shield12 won by resignation"]

1. b3 Nf6 2. Bb2 e6 3. Nf3 Be7 4. g3 O-O 5. Bg2 b6 6. O-O Bb7 7. c4 d5 8. cxd5 Bxd5 9. Nc3 Bb7 10. d4 c5 11. dxc5 Bxc5 12. Qc2 Nc6 13. Rfd1 Qe7 14. a3 a5 15. Nb5 Rac8 16. Ng5 Ne5 17. Qd2 Bxg2 18. Kxg2 Rfd8 19. Qf4 Qb7+ 20. Nf3 Ng6 21. Qa4 Ne4 22. Bd4 Bxd4 23. Rxd4 Nc5 24. Rxd8+ Rxd8 25. Qc4 Ne5 26. Qh4 Rd2 27. b4 Nb3 28. Rb1 a4 29. Nc3 h6 30. Qf4 f6 31. Ne4 Rxe2 32. Nc3 Rc2 33. Ne4 Nxf3 34. Qxf3 Qd5 35. Rd1 Nd4 36. Nxf6+ gxf6 37. Qxd5 exd5 38. Rxd4 Rc3 39. Rxd5 Rxa3 40.
Rb5 Ra1 41. Rxb6 Kf7 42. Ra6 a3 43. Kf3 h5 44. Ra5 a2 45. Kg2 Kg6 46. h3 f5 47.
Ra6+ Kg7 48. Kf3 Kf7 49. Kf4 Ke7 50. Kxf5 Kd7 51. f4 Kc7 52. g4 Kb7 53. Ra5 h4 54. g5 Kb6 55. g6 1-0

[Event "Early-Titled-Tuesday-Blitz-March-26-2024"]
[Site "Chess.com"]
[Date "2024.03.26"]
[Round "10"]
[White "hakanazeri2"]
[Black "Mikhail_Golubev"]
[Result "1-0"]
[WhiteElo "2597"]
[BlackElo "2690"]
[TimeControl "180+1"]
[EndTime "9:53:59 PDT"]
[Termination "hakanazeri2 won on time"]

1. Nf3 d6 2. d4 Nf6 3. Nc3 Nbd7 4. e4 e5 5. Bc4 Be7 6. O-O O-O 7. Re1 c6 8. a4 a5 9. h3 h6 10. Be3 Re8 11.
Qd2 Bf8 12. Rad1 Qc7 13. Bb3 exd4 14. Bxd4 Ne5 15. Nxe5 dxe5 16. Be3 Be6 17. Bxe6 Rxe6 18. Qe2 Bb4 19. Qc4 Ree8 20. Re2 Bxc3 21. bxc3 Red8 22. Red2 Rxd2 23. Rxd2 Rd8 24. Rxd8+ Qxd8 25. Qc5 Nxe4 26. Qxe5 Qd5 27. Qb8+ Kh7 28. Qxb7 Nxc3 29. Qb3 Ne2+ 30.
Kh2 Qd6+ 31. g3 Qd1 32. f4 f5 33. Qf7 Qxc2 34. Bf2 Nxf4 35. gxf4 Qxf2+ 36. Kh1 Qf1+ 37. Kh2 Qxf4+ 38. Kg2 Qe4+ 39. Kh2 f4 40. h4 Qe2+ 41.
Kg1 f3 42. Qf5+ Kg8 43. Qc8+ Kf7 44. Qd7+ Kf6 45. Qxc6+ Kf5 46. Qd7+ Kf4 47. Qf7+ Ke3 48. Qe6+ Kd2 49. Qd5+ Kc1 50. Qc5+ Kb1 51. Qb6+ Ka1 52. Qd4+ Qb2 53. Qd5 1-0

[Event "Early-Titled-Tuesday-Blitz-March-26-2024"]
[Site "Chess.com"]
[Date "2024.03.26"]
[Round "10"]
[White "DinaBelenkaya"]
[Black "KnightmareJoker"]
[Result "1-0"]
[WhiteElo "2473"]
[BlackElo "2315"]
[TimeControl "180+1"]
[EndTime "9:53:59 PDT"]
[Termination "DinaBelenkaya won on time"]

1. Nf3 d5 2. g3 Nf6 3. Bg2 e6 4.
d3 Be7 5. Nbd2 O-O 6. O-O c5 7. e4 d4 8. e5 Nd5 9. Ne4 Nc6 10. Re1 h6 11. c4 dxc3 12. bxc3 f5 13. exf6 Bxf6 14.
Nxf6+ Qxf6 15. Bb2 g5 16. h3 Nb6 17. Qc2 c4 18. d4 Nd5 19. Ba3 Re8 20. Ne5 Nxe5 21.
Rxe5 Bd7 22. Rae1 Bc6 23. Kh2 Kg7 24. Qd2 b5 25. Rg1 a5 26. f4 gxf4 27. gxf4 Kh8 28. f5 b4 29. Bc1 bxc3 30. Qxh6+ Qxh6 31. Bxh6 exf5 32. Bxd5 Rxe5 33. Bxc6 Re2+ 34. Bg2 Rg8 35. Kh1 c2 36. Bf4 Kh7 37. d5 Rf2 38. Be3 Re2 39. Bf4 Rge8 40. d6 Re1 41. d7 Rxg1+ 42. Kxg1 Re1+ 43. Kh2 Rd1 44. Bc6 c3 45. Kg3 Rd3+ 46.
Kf2 Kg7 47. h4 Kf7 48. h5 Ke7 49. Bg5+ Kf7 50. h6 Kg6 51. Bf4 Rd2+ 52. Ke1 Rd1+ 53. Ke2 Rd4 54. Be3 Rh4 55. Kd3 c1=Q 56. Bxc1 Rh1 57.
Kc2 1-0

[Event "Early-Titled-Tuesday-Blitz-March-26-2024"]
[Site "Chess.com"]
[Date "2024.03.26"]
[Round "10"]
[White "BallottiLuca"]
[Black "AjedrezenMadrid"]
[Result "0-1"]
[WhiteElo "2358"]
[BlackElo "2541"]
[TimeControl "180+1"]
[EndTime "9:53:59 PDT"]
[Termination "AjedrezenMadrid won on time"]

1. d4 d5 2. c4 e6 3. Nc3 Nf6 4. Nf3 Nbd7 5. Bf4 c6 6. e3 Be7 7. h3 O-O 8. Qc2 a6 9. Rd1 dxc4 10. Bxc4 b5 11. Bd3 Bb7 12. O-O Qb6 13. Ne5 c5 14.
Nxd7 Nxd7 15. Bxh7+ Kh8 16. Be4 cxd4 17. Rxd4 Nf6 18.
Bxb7 Qxb7 19. Ne4 Rac8 20. Qb1 Rc4 21. Rxc4 bxc4 22. Nd6 Qc6 23. Rd1 Kg8 24. Qc2 Rd8 25. Qd2 Ne4 26. Nxe4 Rxd2 27. Nxd2 c3 28. bxc3 Qxc3 29.
Nf3 Bf6 30. e4 Qc2 31. Rd2 Qxe4 32. Be3 a5 33. Kh2 a4 34. Bd4 a3 35. Bxf6 gxf6 36. Kg1 Kg7 37. Kh2 f5 38. Kg1 Kf6 39. Kf1 Qb1+ 40. Ke2 e5 41. h4 e4 42. Ng5 Qb5+ 43. Ke1 Qc5 44. Ke2 Qc4+ 45. Ke1 f4 46. Rd6+ Ke7 47.
Rd2 f5 48. g3 f3 49. Kd1 Qf1+ 50. Kc2 Qc4+ 51. Kd1 Qb4 52. Rc2 Qb1+ 53. Kd2 Qf1 54. Nh7 Qd3+ 0-1

[Event "Early-Titled-Tuesday-Blitz-March-26-2024"]
[Site "Chess.com"]
[Date "2024.03.26"]
[Round "10"]
[White "Sina_Movahed"]
[Black "baki83"]
[Result "0-1"]
[WhiteElo "3063"]
[BlackElo "2906"]
[TimeControl "180+1"]
[EndTime "9:54:00 PDT"]
[Termination "baki83 won by resignation"]

1. Nf3 d5 2. c4 d4 3. b4 g5 4. Qa4+ c6 5. h3 Bg7 6. d3 h6 7.
Nbd2 e5 8. g4 f5 9. gxf5 Bxf5 10. c5 Ne7 11. Nc4 O-O 12. Ncxe5 Nd5 13. Bb2 Re8 14.
Bxd4 Nf4 15. O-O-O Nd7 16. Qb3+ Be6 17. Qb2 Bxe5 18.
Bxe5 Nxe5 19. Nxe5 a5 20. e3 axb4 21. exf4 Rxa2 22. Qxb4 Qd5 23. Rg1 Rea8 24. Bg2 Ra1+ 25. Kd2 R8a2+ 26. Ke3 gxf4+ 27. Qxf4 Qxc5+ 28. Kf3 Rxf2+ 29. Kg3 Rxf4 30. Kxf4 Rxd1 31. Rxd1 Qf2+ 32. Bf3 Qh2+ 33. Ke4 Bd5+ 34. Kf5 Bxf3 35. Nxf3 Qe2 36. Rg1+ Kh7 37. Kf4 Qxd3 38. Re1 Qc4+ 39. Kg3 b5 40. Re7+ Kg8 41. Rb7 Qc3 42. Kg4 b4 43. Nh4 b3 44. Nf5 b2 45.
Kh5 Qf6 46. Nxh6+ Kf8 47. Rb8+ Kg7 48. Rb7+ Kf8 49. Rb8+ Kg7 50. Rb7+ Kh8 51. Nf7+ Kh7 52. Nh6+ Qg7 53. Rxg7+ Kxg7 54. Nf5+ Kh7 0-1

[Event "Early-Titled-Tuesday-Blitz-March-26-2024"]
[Site "Chess.com"]
[Date "2024.03.26"]
[Round "10"]
[White "jcibarra"]
[Black "TigrVShlyape"]
[Result "1-0"]
[WhiteElo "3007"]
[BlackElo "2899"]
[TimeControl "180+1"]
[EndTime "9:54:00 PDT"]
[Termination "jcibarra won on time"]

1. e4 e5 2. Nf3 Nc6 3. d4 exd4 4. Nxd4 Bc5 5. Nb3 Bb6 6. Qe2 Nge7 7. Nc3 O-O 8. Be3 f5 9. O-O-O f4 10. Bxb6 axb6 11.
f3 d6 12. h4 Ng6 13. h5 Nge5 14. Kb1 h6 15. Nd5 Rf7 16. Qe1 Be6 17. Be2 Qg5 18. Qf2 Kh8 19. a3 Rc8 20. Rhg1 Ne7 21. Nxe7 Rxe7 22.
Nd4 Bd7 23. g3 Rf8 24. Qh2 Ref7 25. Nf5 fxg3 26. Rxg3 Qf4 27. Nh4 Qf6 28. Rdg1 Qe7 29. f4 Rxf4 30. Nf5 Bxf5 31. Rxg7 Qh4 32. Qxh4 Rxh4 33.
exf5 Rh2 34. Bd1 Rh1 35. Rxh1 Kxg7 36. Rg1+ Kf6 37. Rg3 Rf7 38. c3 Rg7 39. Re3 Rg1 40.
Kc2 Kxf5 41. Be2 Kf4 42. Rh3 Rg2 43. Kd1 d5 44. Rh4+ Kf5 45. Rd4 c6 46. Rb4 b5 47. a4 bxa4 48. Rxb7 Ke4 49. Re7 Rh2 50. Re6 c5 51. Rxh6 d4 52. cxd4 cxd4 53. Re6 Kd5 54. Re8 d3 55. Bf1 Rxh5 56. Kd2 1-0

[Event "Early-Titled-Tuesday-Blitz-March-26-2024"]
[Site "Chess.com"]
[Date "2024.03.26"]
[Round "10"]
[White "frederiksvane"]
[Black "Igor_Lysyj"]
[Result "1-0"]
[WhiteElo "2996"]
[BlackElo "2860"]
[TimeControl "180+1"]
[EndTime "9:54:01 PDT"]
[Termination "frederiksvane won on time"]

1. e4 e5 2. Nf3 Nc6 3. Bb5 a6 4. Ba4 Nf6 5. O-O Nxe4 6. Re1 Nc5 7. Bxc6 dxc6 8. Nxe5 Be7 9. d4 Ne6 10. Be3 O-O 11.
c4 f6 12. Nf3 Re8 13. Nc3 Nf8 14. h3 Be6 15. c5 Qd7 16. Qc2 Ng6 17. Rad1 Bf8 18.
Bc1 Bf7 19. Re3 Ne7 20. b4 Nd5 21. Nxd5 Bxd5 22. Nh2 Rxe3 23. Bxe3 Re8 24. a4 Qf7 25. Qf5 Qg6 26. Qxg6 hxg6 27. Nf1 b5 28. a5 g5 29. f4 gxf4 30. Bxf4 g5 31. Bxc7 Kf7 32. Kf2 f5 33. Ne3 Be4 34. Re1 Bg7 35. Be5 Bxe5 36. dxe5 Rxe5 37.
g4 f4 38. Nf5 Kf6 39. Nd6 Bg6 40. Rd1 Re3 41. Nb7 Rxh3 42. Rd6+ Kg7 43. Rxc6 Be4 44.
Rxa6 Rh2+ 45. Kg1 Rh1+ 46. Kf2 Rh2+ 47. Kg1 Rg2+ 48. Kf1 f3 49. Rd6 Ra2 50. Rd4 Bc6 51. Nd8 Be8 52. c6 Rc2 53. c7 Ra2 54. c8=Q 1-0

[Event "Early-Titled-Tuesday-Blitz-March-26-2024"]
[Site "Chess.com"]
[Date "2024.03.26"]
[Round "10"]
[White "Aslanov_Umid"]
[Black "Zhani-Z"]
[Result "0-1"]
[WhiteElo "2606"]
[BlackElo "2322"]
[TimeControl "180+1"]
[EndTime "9:54:03 PDT"]
[Termination "Zhani-Z won by checkmate"]

1. e4 e5 2. Nf3 Nc6 3. Bc4 Bc5 4.
O-O d6 5. c3 Qf6 6. d3 h6 7. a4 a5 8. Be3 Nge7 9. d4 Bb6 10. dxe5 dxe5 11. Bxb6 cxb6 12. Qb3 O-O 13. Qxb6 Ng6 14. Nbd2 Nf4 15. Rfe1 Bg4 16. Qe3 Rad8 17. Nf1 Rd6 18. Ng3 Rfd8 19. h3 Nxh3+ 20. gxh3 Bxf3 21.
Kh2 Qf4 22. Bd5 R6d7 23. Qxf4 exf4 24. Nf5 g6 25. Nh4 Ne5 26. Ng2 Bxg2 27. Kxg2 Kg7 28. Rad1 f5 29. f3 fxe4 30. fxe4 g5 31. Rd4 h5 32.
Red1 g4 33. hxg4 hxg4 34. Be6 Rxd4 35. cxd4 g3 36. d5 Rd6 37. Rc1 Rb6 38. Rc7+ Kf6 39.
Rc2 Rb3 40. d6 Rd3 41. Bd5 Nc6 42. Bxc6 bxc6 43. Rxc6 Ke5 44. d7 Rxd7 45. Rc5+ Kxe4 46. Rc4+ Rd4 47. Rxd4+ Kxd4 48. Kf3 Kc4 49. Kxf4 g2 50. Ke3 g1=Q+ 51. Kd2 Qd4+ 52. Kc2 Kb4 53. Kb1 Qd1+ 54. Ka2 Qxa4+ 55. Kb1 Qb3 56. Ka1 a4 57. Kb1 a3 58. Kc1 Qxb2+ 59. Kd1 a2 60. Ke1 a1=Q# 0-1

[Event "Early-Titled-Tuesday-Blitz-March-26-2024"]
[Site "Chess.com"]
[Date "2024.03.26"]
[Round "10"]
[White "AA95"]
[Black "Irina_Mikhaylova"]
[Result "1-0"]
[WhiteElo "2486"]
[BlackElo "2341"]
[TimeControl "180+1"]
[EndTime "9:54:06 PDT"]
[Termination "AA95 won by resignation"]

1. Nf3 Nf6 2. g3 g6 3. Bg2 Bg7 4. O-O O-O 5. d4 d5 6. c4 c6 7. cxd5 cxd5 8. Nc3 e6 9. Bf4 Nc6 10. Qd3 a6 11. Rfc1 Bd7 12. Ne5 Nxe5 13. Bxe5 Rc8 14.
a3 Bc6 15. Rc2 Nd7 16. Bd6 Re8 17. Rac1 Bf8 18. Bxf8 Nxf8 19. h4 Nd7 20. Na2 Nb6 21. b3 Bb5 22. Rxc8 Nxc8 23. Qd2 Nd6 24. a4 Bd7 25. Qb4 Nf5 26. e3 Qb8 27. Bh3 Nd6 28.
Qb6 Ne4 29. Rc7 Bc6 30. Nb4 Rc8 31. Rxc8+ Qxc8 32. Bg2 Nd6 33. Nd3 Ne8 34. Nc5 Qc7 35.
Qa7 Nd6 36. Nxa6 Qd7 37. Nc5 Qe7 38. Qb8+ Kg7 39. Bf1 Nf5 40. Qe5+ Kg8 41. Qb8+ Kg7 42. b4 Be8 43. b5 b6 44. Qxb6 Nxh4 45. Be2 Nf5 46.
Qb8 Nd6 47. a5 Nc4 48. a6 Bxb5 49. Qxb5 Qg5 50. Qb8 Nxe3 51. Qe5+ Qxe5 52. dxe5 Nc4 53. Bxc4 dxc4 54. a7 1-0

[Event "Early-Titled-Tuesday-Blitz-March-26-2024"]
[Site "Chess.com"]
[Date "2024.03.26"]
[Round "10"]
[White "LeoWin2012"]
[Black "PawnEatingZombie"]
[Result "1-0"]
[WhiteElo "2287"]
[BlackElo "2180"]
[TimeControl "180+1"]
[EndTime "9:54:06 PDT"]
[Termination "LeoWin2012 won by resignation"]

1. e4 d6 2. d4 Nf6 3. Nc3 e5 4. dxe5 dxe5 5. Qxd8+ Kxd8 6. Bc4 Be6 7. Bxe6 fxe6 8. f3 Bd6 9. Be3 Nc6 10. Nge2 Ke7 11.
a3 a6 12. O-O-O b5 13. Na2 a5 14. c3 Rhb8 15. h4 b4 16. cxb4 axb4 17. Nxb4 Nxb4 18.
axb4 Rxb4 19. Nc3 Nd7 20. Kc2 Rab8 21. Rb1 Bc5 22. Bxc5+ Nxc5 23. Rhd1 Nb3 24. Na2 Nd4+ 25. Kd3 Rxb2 26. Nc3 Rxb1 27. Rxb1 Rxb1 28. Nxb1 Kd6 29. Nd2 Kc5 30. Nb1 Nc6 31. Kc3 Nd4 32. Kd3 Kb4 33. Nc3 c5 34. Nd1 c4+ 35. Kd2 Kb3 36. Nc3 Kb2 37.
Na4+ Ka3 38. Nc3 Kb3 39. h5 h6 40. Nd1 Nb5 41. Ne3 c3+ 42. Kd3 Nd4 43. Nc4 c2 44.
Nd2+ Kb2 45. Nc4+ Ka2 46. Kd2 Kb3 47. Nxe5 Nb5 48. Nd3 Na3 49. Nc1+ Kb2 50. Nd3+ Kb1 51. f4 Nc4+ 52. Kc3 Ne3 53. Kd2 Nxg2 54. f5 exf5 55. e5 Nf4 56. Nc1 Ne6 57. Nd3 Nf4 58. Nc1 Nxh5 59. e6 Nf6 60. e7 h5 61. Ne2 h4 62.
Nc3+ Kb2 63. Ne2 h3 64. e8=Q h2 65. Qb5+ 1-0

[Event "Early-Titled-Tuesday-Blitz-March-26-2024"]
[Site "Chess.com"]
[Date "2024.03.26"]
[Round "10"]
[White "Lucky_Puncher"]
[Black "reevecanada"]
[Result "0-1"]
[WhiteElo "2489"]
[BlackElo "2679"]
[TimeControl "180+1"]
[EndTime "9:54:07 PDT"]
[Termination "reevecanada won on time"]

1. d4 Nf6 2. c4 b6 3. Nc3 Bb7 4. f3 d6 5. e4 Nbd7 6. Be3 g6 7. Nh3 Bg7 8. Nf2 c5 9. d5 a6 10. a4 O-O 11. Qd2 Ne8 12. Be2 Nc7 13. O-O Ne5 14.
f4 Nd7 15. f5 Ne5 16. Bh6 Ne8 17.
Nh3 Nf6 18. Qg5 Qd7 19. Nf4 Kh8 20. Qh4 Rg8 21. Bg5 gxf5 22. exf5 Qxf5 23. Nd3 Qg6 24. Nxe5 dxe5 25. Bf3 h6 26. Be3 Rad8 27. Ne4 a5 28. Rae1 Ba6 29. b3 Rd7 30. Kh1 Bc8 31. Bc1 Rdd8 32.
Nxf6 Bxf6 33. Qxh6+ Qxh6 34. Bxh6 Rg6 35. Bd2 Rdg8 36.
Bc3 Rg5 37. Re3 Bg4 38. Be4 Bh5 39. Rh3 Kg7 40. Bd2 Rg4 41. Bf3 Rd4 42. Be3 Bxf3 43.
Bxd4 Bxg2+ 44. Kxg2 Kf8+ 45. Rg3 Rxg3+ 46. hxg3 exd4 47.
Kf3 Kg7 48. Ke4 Kg6 49. Rf5 Bg7 50. g4 Bf6 51. Rh5 Kg7 52. Kf5 d3 53. Rh3 d2 54.
Rd3 Bc3 55. d6 exd6 56. Rxd6 Bd4 0-1

[Event "Early-Titled-Tuesday-Blitz-March-26-2024"]
[Site "Chess.com"]
[Date "2024.03.26"]
[Round "10"]
[White "BestestBP"]
[Black "The_Straightforward_Rook"]
[Result "0-1"]
[WhiteElo "2213"]
[BlackElo "2399"]
[TimeControl "180+1"]
[EndTime "9:54:07 PDT"]
[Termination "The_Straightforward_Rook won by checkmate"]

1. c4 c6 2. e4 d5 3. exd5 cxd5 4. cxd5 Nf6 5. Nc3 Nxd5 6. d4 Nxc3 7. bxc3 e6 8. Nf3 Qc7 9. Bb5+ Bd7 10. Bxd7+ Nxd7 11. O-O Bd6 12. Qd3 O-O 13. Rb1 b6 14. h3 Rac8 15.
Bd2 Rfd8 16. Ng5 Nf8 17. Rfc1 Bh2+ 18. Kh1 Bf4 19. c4 Bxd2 20. Qxd2 Qe5 21. Nf3 Qf5 22. Rb2 Ng6 23. Rbc2 h6 24. Qe3 Nf4 25. Kh2 g5 26.
c5 Nd5 27. Qe5 Nb4 28. Qxf5 exf5 29. Rd2 f6 30. a3 Nd5 31. c6 Nc7 32. Rcd1 Rd5 33.
Rc1 Rcd8 34. Re2 Kf7 35. Rce1 Re8 36. Rxe8 Nxe8 37. Rc1 Nc7 38. Rc2 Ke6 39. Re2+ Kd6 40. Rc2 g4 41. Nh4 Nb5 42. Kg3 Kc7 43. Kf4 Nxd4 44.
Rc1 Ne2+ 45. Ke3 Nxc1 46. hxg4 fxg4 47. f3 gxf3 48. Kxf3 Kxc6 49. Ng6 Rd3+ 50. Ke4 Rxa3 51. Ne7+ Kd6 52. Nf5+ Ke6 53. Nxh6 Rg3 54. Nf5 Rxg2 55. Nd4+ Kd7 56. Nb5 a5 57. Kd5 Rg5+ 58. Kc4 Rxb5 59. Kxb5 f5 60. Kxb6 f4 61. Kxa5 f3 62. Kb4 f2 63.
Kc3 f1=Q 64. Kc2 Qh1 65. Kd2 Kd6 66. Kc2 Kc5 67. Kd2 Kc4 68. Kc2 Qh2+ 69. Kxc1 Kc3 70. Kd1 Qd2# 0-1

[Event "Early-Titled-Tuesday-Blitz-March-26-2024"]
[Site "Chess.com"]
[Date "2024.03.26"]
[Round "10"]
[White "DenLaz"]
[Black "Firouzja2003"]
[Result "1-0"]
[WhiteElo "3108"]
[BlackElo "3091"]
[TimeControl "180+1"]
[EndTime "9:54:11 PDT"]
[Termination "DenLaz won by resignation"]

1. d4 Nf6 2. c4 g6 3. g3 Bg7 4. Bg2 O-O 5. Nc3 d6 6. Nf3 c6 7. e4 e5 8. O-O Bg4 9. d5 cxd5 10. cxd5 Na6 11. h3 Bd7 12. Be3 Rc8 13. Rc1 Nc5 14.
Ne1 a5 15. Nd3 b6 16. a3 a4 17. Nxc5 bxc5 18. Nxa4 Rb8 19. Rb1 Qa5 20. Nc3 Rb7 21. Qd2 Rfb8 22. Kh2 Rb3 23. Rfc1 h5 24. Bf1 Qb6 25. Bc4 Qc7 26. Bxb3 Rxb3 27. f3 h4 28. g4 Nh7 29. Nd1 f5 30. Rc3 Rb8 31. b4 fxe4 32.
fxe4 Qd8 33. Rb2 cxb4 34. Rxb4 Ra8 35. Rb7 Bc8 36. Rbc7 Bf6 37. Nf2 Bd7 38. Qb2 Be8 39.
Rb7 Bg5 40. Qd2 Qf6 41. Rbc7 Bf4+ 42. Bxf4 exf4 43. Rc8 Rxc8 44. Rxc8 Ng5 45. Qc3 Qe7 46. a4 Nxe4 47. Qe1 Qd7 48. Rxe8+ Qxe8 49. Qxe4 Qf7 50. a5 Qa7 51. Qxg6+ Kh8 52. Qh6+ Kg8 53. Qxf4 Qxa5 54. g5 Qxd5 55. Qxh4 Qe5+ 56. Qg3 Qe2 57. Kg2 d5 58. Qf3 Qe5 59. h4 d4 60. Ng4 Qe1 61. Qd5+ Kg7 62.
Qxd4+ Kg6 63. Ne5+ Kf5 64. Qf2+ 1-0

[Event "Early-Titled-Tuesday-Blitz-March-26-2024"]
[Site "Chess.com"]
[Date "2024.03.26"]
[Round "10"]
[White "superchess02"]
[Black "VladimirKramnik"]
[Result "1-0"]
[WhiteElo "2872"]
[BlackElo "2981"]
[TimeControl "180+1"]
[EndTime "9:54:12 PDT"]
[Termination "superchess02 won on time"]

1. d4 Nf6 2. c4 e6 3. Nc3 d5 4. Bg5 Be7 5. e3 h6 6. Bh4 O-O 7. Nf3 b6 8. Qb3 Bb7 9. Bxf6 Bxf6 10. cxd5 exd5 11. Rd1 Re8 12. Bd3 c5 13. dxc5 Nd7 14. c6 Bxc6 15. O-O Nc5 16. Qc2 Rc8 17. Bf5 Rc7 18.
Nd4 Ba8 19. Rd2 g6 20. Bd3 Bxd4 21. exd4 Ne6 22. Bb5 Rf8 23. Qd3 Qg5 24. Ne2 Qf6 25. f4 Ng7 26. Ng3 Re7 27. f5 g5 28. Ba4 h5 29. Qf3 h4 30. Ne2 Bb7 31. Nc3 Rd8 32. Bb3 Red7 33. Ba4 Re7 34. Bb3 Ne8 35. Bxd5 Ba6 36.
Rfd1 Qd6 37. Qh5 Qf6 38. Rf2 Ng7 39. Qf3 Ne8 40. Ne4 Rxe4 41. Bxe4 Kg7 42. h3 Nd6 43.
Bd3 Bb7 44. Qg4 Re8 45. Re2 Rxe2 46. Bxe2 Kh6 47. Qh5+ Kg7 48. Qg4 Bd5 49. a3 Be4 50. Bd3 Qxd4+ 51. Kh1 f6 52. Bxe4 Qxe4 53. Qxe4 Nxe4 54.
Rd7+ Kh6 55. Rxa7 Ng3+ 56. Kg1 Nxf5 57. Rb7 Nd4 58. Rxb6 Kg6 59. a4 1-0

[Event "Early-Titled-Tuesday-Blitz-March-26-2024"]
[Site "Chess.com"]
[Date "2024.03.26"]
[Round "10"]
[White "Matibar"]
[Black "azikom"]
[Result "1/2-1/2"]
[WhiteElo "2715"]
[BlackElo "2621"]
[TimeControl "180+1"]
[EndTime "9:54:16 PDT"]
[Termination "Game drawn - insufficient material"]

1. b3 d5 2. Bb2 Nf6 3. e3 Bg4 4. f3 Bf5 5. Ne2 c5 6. Ng3 Bg6 7. Bb5+ Nbd7 8. Nc3 a6 9. Bxd7+ Qxd7 10. Na4 Qc7 11.
O-O e6 12. Bxf6 gxf6 13. d3 h5 14. f4 h4 15. Nh1 Bd6 16. Qf3 O-O-O 17. Nf2 Kb8 18.
Rae1 f5 19. Nh3 Bh5 20. Qf2 Rdg8 21. Kh1 Bg4 22. Ng1 h3 23. g3 Qc6 24. Nf3 Rd8 25. Nb2 Bc7 26. Kg1 Ba5 27. Rb1 f6 28. Nd1 Rhe8 29. c3 e5 30. b4 cxb4 31. cxb4 Bb6 32. d4 exf4 33. exf4 Re4 34. Kh1 Rde8 35. Rb2 Qc4 36. Rc2 Bxf3+ 37. Qxf3 Qxf1+ 38. Qxf1 Re1 39. Kg1 Bxd4+ 40. Nf2 Rxf1+ 41. Kxf1 Bxf2 42. Kxf2 Re4 43. a3 Rc4 44. Re2 Rc3 45. Re6 Rc2+ 46. Ke3 Rxh2 47. Rxf6 Rb2 48. Kd4 Rb3 49. Rh6 Rxg3 50. a4 Rb3 51. b5 axb5 52. axb5 Rxb5 53. Rxh3 Kc7 54. Rh6 Rb4+ 55. Ke5 d4 56. Rh3 Kc6 57. Kxf5 Kd5 58. Rh7 b5 59. Rd7+ Kc5 60. Ke5 Rb1 61. Rxd4 Re1+ 62.
Re4 Rxe4+ 63. Kxe4 b4 64. Kd3 Kd5 65. f5 Ke5 66. Kc4 b3 67. Kxb3 Kxf5 1/2-1/2